 Dungeon Crawl Stone Soup version 0.20.1-1-g8b1a95d66d (webtiles) character file.

351156 Ivernyr the Merry Centaur (level 21, -6/195 HPs)
             Began as a Centaur Hunter on Nov 18, 2017.
             Was a High Priest of Okawaru.
             Splashed by an ancient lich's acid (11 damage)
             ... on level 4 of the Vaults on Nov 20, 2017.
             The game lasted 06:12:05 (78783 turns).

Ivernyr the Merry Centaur (Centaur Hunter)         Turns: 78783, Time: 06:12:35

Health: -6/195     AC: 37    Str: 14    XL:     21   Next: 29%
Magic:  23/28      EV: -1    Int: 17    God:    Okawaru [*****.]
Gold:   2902       SH:  0    Dex: 15    Spells: 8/20 levels left

rFire    . . .     SeeInvis +   a - +5 longbow (freeze)
rCold    + . .     Gourm    .   (shield currently unavailable)
rNeg     + . .     Faith    .   Q - +8 crystal plate armour of Restlessness {rC+}
rPois    .         Spirit   .   y - +0 helmet
rElec    .         Reflect  .   g - +2 cloak of Supple Strength {SInv}
rCorr    .         Harm     .   K - +0 pair of gloves {Dex+3}
MR       +....                  O - +4 centaur barding {Fly}
Stlth    ..........             S - amulet of regeneration
Regen    0.9/turn               u - +6 ring of protection
MPRegen  0.3/turn               B - ring of positive energy

@: finesse, corroded, flying, very quick
A: hooves 3, deformed body, speed 2, tough skin 3, weak 1
}: 2/15 runes: decaying, gossamer
a: Heroism, Finesse, Renounce Religion, Stop Flying


You were on level 4 of the Vaults.
You worshipped Okawaru.
Okawaru was extremely pleased with you.
You were not hungry.

You visited 8 branches of the dungeon, and saw 39 of its levels.

You collected 4719 gold pieces.
You spent 1817 gold pieces at shops.

Inventory:

Hand Weapons
 a - a +5 longbow of freezing (weapon)
Missiles
 d - 622 arrows (quivered)
Armour
 b - a +2 chain mail of poison resistance
 g - the +2 cloak of Supple Strength (worn) {SInv}
   (Okawaru gifted it to you on level 13 of the Dungeon)

   It lets you see invisible.
 y - a +0 helmet (worn)
 A - the +6 plate armour "Cotoafic" {rElec rF- Int+2}
   (You bought it in a shop on level 4 of the Vaults)

   It affects your intelligence (+2).
   It makes you vulnerable to fire.
   It insulates you from electricity.
 K - a +0 pair of gloves of dexterity (worn)
 O - a +4 centaur barding of flying (worn)
 Q - the +8 crystal plate armour of Restlessness (worn) {rC+}
   (Okawaru gifted it to you on level 4 of the Vaults)

   It protects you from cold.
Jewellery
 c - an uncursed ring of resist corrosion
 u - a +6 ring of protection (left hand)
 x - the ring "Fafuf" {rF+ rC- MR+ Str+2}
   (You acquired it on level 4 of the Spider Nest)

   [ring of protection from magic]

   It affects your strength (+2).
   It protects you from fire.
   It makes you vulnerable to cold.
   It affects your resistance to hostile enchantments.
 B - a ring of positive energy (right hand)
 C - the ring of Zin's Fury {MP+9 Int+3}
   (You found it on level 6 of the Dungeon)

   [ring of magical power]

   It affects your intelligence (+3).
   It affects your magic capacity (+9).
 L - an uncursed ring of see invisible
 S - an amulet of regeneration (around neck)
 W - an uncursed ring of poison resistance
Wands
 o - a wand of digging (4/24)
Scrolls
 e - 13 scrolls of amnesia
 j - 8 scrolls of enchant armour
 m - 10 scrolls of recharging
 n - 11 scrolls of teleportation
 p - 7 scrolls of enchant weapon
 s - 9 scrolls of magic mapping
 t - 15 scrolls of remove curse
 v - 5 scrolls of fog
 z - 4 scrolls of fear
 F - a scroll of brand weapon
 I - 2 scrolls of immolation
 J - 2 scrolls of torment
 U - a scroll of holy word
Potions
 h - a potion of invisibility {unknown}
 i - 6 potions of mutation
 l - 3 potions of haste
 q - 4 potions of agility
 w - 5 potions of might
 D - 13 potions of curing
 G - 8 potions of berserk rage
 M - 2 potions of cancellation
 N - 3 potions of heal wounds
 R - 3 potions of ambrosia
 T - 4 potions of magic
 X - 2 potions of brilliance {unknown}
 Z - 3 potions of resistance
Comestibles
 f - 19 bread rations
 k - 36 royal jellies
 E - 21 fruits
 H - 15 meat rations
 P - 3 chunks of flesh


   Skills:
 + Level 18.5 Fighting
 O Level 27 Bows
 + Level 12.7 Armour
 - Level 1.3 Dodging
 - Level 0.4 Stealth
 * Level 19.4 Unarmed Combat
 - Level 10.0 Invocations


You had 8 spell levels left.
You knew the following spells:

 Your Spells              Type           Power        Failure   Level  Hunger
a - Blink                 Tloc           N/A          100%        2    ###....
b - Portal Projectile     Hex/Tloc       #.....       100%        3    ####...
c - Blade Hands           Tmut           #.........   100%        5    ######.
d - Swiftness             Chrm/Air       #.......     100%        2    ###....


Dungeon Overview and Level Annotations

Branches:
Dungeon (15/15)            Temple (1/1) D:4            Lair (6/6) D:9
  Swamp (4/4) Lair:4       Spider (4/4) Lair:4        Slime (0/5) Lair:5
    Orc (2/2) D:9             Elf (2/3) Orc:2        Vaults (5/5) D:14
  Crypt (0/3) Vaults:2     Depths (0/5) D:15

Altars:
Ashenzari
Cheibriados
Dithmenos
Elyvilon
Fedhas
Gozag
Hepliaklqana
Kikubaaqudgha
Makhleb
Nemelex Xobeh
Okawaru
Qazlal
Ru
Sif Muna
Trog
Uskayaw
Vehumet
Xom
Yredelemnul
Zin
The Shining One
Jiyva
Lugonu

Shops:
D:6 }   D:14 [   Orc:1 :   Orc:2 (!?*((   Vaults:2 :   Vaults:4 *

Annotations:
Elf:2 3 runed doors
Vaults:5 Jory


Innate Abilities, Weirdness & Mutations

You have hooves in place of feet.
Armour fits poorly on your strangely shaped body.
You cover ground very quickly.
You have extremely tough skin. (AC +3)
You are weak. (Str -2)


Message History

You shoot an arrow.
The arrow hits the ancient lich but does no damage.
The ancient lich points at you and mumbles some strange words.
The bolt of acid hits you!
You are splashed with acid!
The acid burns!
* * * LOW HITPOINT WARNING * * *
Firing (i - inventory):
d - 624 arrows (quivered)
Press: ? - help, Shift-Dir - straight line, f/p - ancient lich
Aim: an ancient lich (fast)
You shoot an arrow.
The arrow hits the ancient lich but does no damage.
Firing (i - inventory):
d - 623 arrows (quivered)
Press: ? - help, Shift-Dir - straight line, f/p - ancient lich
Aim: an ancient lich (fast)
You shoot an arrow. The arrow hits the ancient lich!
The ancient lich is lightly damaged.
The ancient lich casts a spell at you. The bolt of acid hits you!
* * * LOW HITPOINT WARNING * * *
The acid corrodes you!
You are splashed with acid!
The acid burns!
You die...

..##....# #....#.......'..#
..##....###....'...y...#..#
..####.....[[###.CL....'..#
..# #....>[.# #.......#..#
..# ######### #.......#..#
..# #########..#
..######################..#
..........................#
................@...L.....#
[)#####......###########..#
..# ##.####.## #..# ..#
#..# #..# #..# ..# #.##
##8# #..# ..# #.# ####.####
#..# ..# #.# #.8.∩.8.# #..#
..# #.# #.##.#..## #..# ..#
#[###...8....# #..#


You could see an ancient lich.

Vanquished Creatures
  A golden dragon (Vaults:4)
  A lich (Vaults:1)
  Rupert (Lair:3)
  Gastronok (Lair:1)
  A thorn hunter (Swamp:1)
  A tengu reaver (Vaults:4)
  Agnes (Spider:1)
  A fire giant (Vaults:3)
  A nagaraja (Vaults:1)
  A frost giant (Vaults:3)
  4 ghost moths (Spider:4)
  A deep elf sorcerer (Elf:1)
  7 vault wardens
  2 orc warlords
  5 emperor scorpions
  15 ironheart preservers
  2 deep elf elementalists
  2 stone giants
  5 entropy weavers
  5 deep elf demonologists
  6 spark wasps
  A red draconian (Vaults:1)
  2 deep elf death magi
  A spark wasp (shapeshifter) (Vaults:4)
  A crystal guardian (Vaults:4)
  6 ettins
  A jiangshi (Vaults:2)
  6 yaktaur captains
  4 great orbs of eyes
  4 fire dragons
  35 vault guards
  Fannar (Lair:1)
  A rakshasa (Vaults:1)
  Harold (Lair:3)
  20 hydras
  2 ice dragons
  A ghost crab (Swamp:3)
  A catoblepas (Lair:6)
  3 centaur warriors
  4 death knights
  34 two-headed ogres
  8 dancing weapons
  11 alligators
  12 ogre magi
  3 deep troll earth magi
  A vampire mage (Vaults:2)
  4 orc high priests (Orc:2)
  Sonja (Lair:3)
  Nergalle (Lair:1)
  4 death yaks
  Urug (D:14)
  A skeletal warrior (Vaults:3)
  12 deep elf knights
  12 deep trolls
  2 iron trolls (D:10)
  The ghost of bodvar the Nimble, a novice SpAs of Qazlal (D:8)
  2 glowing orange brains
  4 spriggan druids
  2 unseen horrors
  13 swamp dragons
  5 lindwurms
  A glowing orange brain (shapeshifter) (D:15)
  4 flayed ghosts
  3 wizards
  2 necromancers
  7 deep elf archers
  3 harpies (Vaults:1)
  4 shambling mangroves
  9 orc knights
  15 ironbrand convokers
  17 orb spiders
  4 orc sorcerers
  A phantasmal warrior (Vaults:2)
  A lindwurm (shapeshifter) (Vaults:2)
  4 cyclopes
  49 deep elf magi
  26 wolf spiders
  36 ugly things
  A moth of wrath (Spider:4)
  3 manticores
  2 centaur zombies
  Maurice (Orc:2)
  5 vault sentinels
  20 elephants
  A naga mage (D:15)
  6 black mambas
  8 torpor snails
  3 gargoyles
  20 spiny frogs
  5 centaur skeletons
  4 rime drakes
  A komodo dragon (shapeshifter) (Vaults:2)
  A yaktaur (shapeshifter) (Vaults:1)
  3 human zombies (Vaults:2)
  13 komodo dragons
  9 demonic crawlers
  4 kobold demonologists (D:12)
  2 ice devils (Lair:3)
  12 freezing wraiths
  13 yaktaurs
  13 trolls
  2 merfolk (shapeshifter)
  45 jumping spiders
  11 polar bears
  Grinder (D:5)
  A tengu simulacrum (Vaults:2)
  3 meliai (Spider:4)
  7 tyrant leeches
  A wind drake (shapeshifter) (Vaults:2)
  19 hornets
  A raiju (Lair:6)
  33 slime creatures
  15 blink frogs
  A dream sheep (shapeshifter) (Vaults:4)
  13 dream sheep
  A hippogriff (shapeshifter) (Vaults:1)
  10 hippogriffs
  A bog body (Swamp:1)
  A snapping turtle (shapeshifter) (Vaults:3)
  73 redbacks
  A vampire (D:12)
  A centaur simulacrum (D:14)
  2 shadows
  An air elemental (Elf:2)
  24 tarantellas
  3 water elementals
  6 wraiths
  7 spriggans
  3 wyverns
  5 fire elementals
  43 yaks
  18 vampire mosquitoes
  6 small abominations (D:9)
  2 humans (D:12)
  A hog (shapeshifter) (Vaults:4)
  A human simulacrum (Vaults:2)
  4 hungry ghosts
  5 basilisks
  A yaktaur simulacrum (Vaults:2)
  5 wargs
  16 insubstantial wisps
  A soldier ant (D:10)
  20 swamp worms
  An acid dragon (Vaults:1)
  15 hell hounds
  17 water moccasins
  15 porcupines
  A floating eye (Vaults:1)
  5 sky beasts
  11 swamp drakes
  55 orc warriors
  13 black bears
  A phantom (D:11)
  4 ice beasts
  A necrophage (D:9)
  3 boggarts (Vaults:1)
  A centaur (shapeshifter) (Vaults:2)
  17 wolves
  34 ogres
  23 centaurs
  23 crocodiles
  4 big kobolds
  A gnoll sergeant (D:10)
  26 bullfrogs
  A wyvern zombie (D:13)
  A human skeleton (Vaults:2)
  An elf simulacrum (Vaults:1)
  A water moccasin skeleton (D:10)
  5 scorpions
  21 killer bees
  25 wights
  6 howler monkeys
  6 electric eels
  8 crimson imps
  6 jellies
  2 gnoll shamans (D:5)
  4 hounds
  29 orc priests
  25 orc wizards
  3 bullfrog skeletons
  An iguana (D:14)
  19 worker ants
  3 hell rats (D:9)
  A hound zombie (D:9)
  2 hound skeletons
  A worker ant zombie (D:5)
  13 adders
  14 gnolls
  2 shadow imps
  A white imp (Vaults:2)
  2 oozes
  2 adder skeletons
  5 worms
  A dart slug (D:2)
  3 leopard geckos
  118 orcs
  4 giant cockroaches
  5 goblins
  12 hobgoblins
  21 jackals
  7 quokkas
  A ball python skeleton (D:6)
  6 bats
  2 frilled lizards
  13 kobolds
  2 leopard gecko skeletons
  A quokka skeleton (D:9)
  2 rats
  2 fungi (Lair:3)
  A plant (Lair:5)
1726 creatures vanquished.

Vanquished Creatures (others)
  A lindwurm (Swamp:4)
  A hornet (Swamp:2)
  A spriggan (Swamp:2)
  A hell hound (Lair:6)
  A boggart (Vaults:1)
  A bush (Lair:1)
  20 fungi
  38 plants
64 creatures vanquished.

Grand Total: 1790 creatures vanquished

Notes
Turn   | Place    | Note
-------+----------+-------------------------------------------
     0 | D:1      | Ivernyr the Centaur Hunter began the quest for the Orb.
     0 | D:1      | Reached XP level 1. HP: 17/17 MP: 1/1
   316 | D:1      | Reached XP level 2. HP: 20/24 MP: 2/2
   461 | D:1      | Found a glowing silver altar of Zin.
   855 | D:2      | Reached skill level 6 in Bows
   948 | D:2      | Reached skill level 1 in Unarmed Combat
   948 | D:2      | Reached XP level 3. HP: 24/30 MP: 3/3
  1047 | D:2      | Found a shimmering altar of Xom.
  1396 | D:2      | Found a glowing golden altar of the Shining One.
  1437 | D:3      | Reached XP level 4. HP: 37/37 MP: 4/4
  1865 | D:3      | Reached skill level 7 in Bows
  2219 | D:3      | Found a sacrificial altar of Ru.
  2395 | D:4      | Found a staircase to the Ecumenical Temple.
  2403 | Temple   | Entered the Ecumenical Temple
  2460 | Temple   | Became a worshipper of Warmaster Okawaru
  2514 | D:4      | Noticed an ogre
  2519 | D:4      | Reached XP level 5. HP: 45/45 MP: 5/5
  2523 | D:4      | Killed an ogre
  2711 | D:4      | Reached XP level 6. HP: 27/51 MP: 6/6
  2964 | D:4      | Reached skill level 8 in Bows
  3213 | D:5      | Entered Level 5 of the Dungeon
  3669 | D:5      | Reached * piety under Okawaru
  3743 | D:5      | Reached XP level 7. HP: 21/59 MP: 4/7
  4091 | D:5      | Reached skill level 9 in Bows
  4108 | D:5      | Noticed Grinder
  4122 | D:5      | Killed Grinder
  4447 | D:5      | Reached skill level 5 in Fighting
  4447 | D:5      | Reached skill level 10 in Bows
  4898 | D:5      | Reached XP level 8. HP: 45/68 MP: 8/8
  5582 | D:6      | Reached ** piety under Okawaru
  5635 | D:6      | Found a blossoming altar of Fedhas.
  5684 | D:6      | Found a bloodstained altar of Trog.
  5873 | D:6      | Learned a level 2 spell: Blink
  5905 | D:6      | Reached skill level 11 in Bows
  6091 | D:6      | Got a scorched turquoise ring
  6094 | D:6      | Identified the ring of Zin's Fury {MP+9 Int+3} (You found it on level 6 of the Dungeon)
  6257 | D:6      | Reached skill level 5 in Unarmed Combat
  6339 | D:6      | Found Hoekh's Gadget Emporium.
  6897 | D:7      | Reached XP level 9. HP: 78/78 MP: 9/9
  6997 | D:7      | Reached skill level 12 in Bows
  7051 | D:7      | Found a snail-covered altar of Cheibriados.
  7212 | D:7      | Reached *** piety under Okawaru
  7555 | D:6      | HP: 3/78 [poisoned by a killer bee]
  7563 | D:6      | HP: 3/78 [poisoned by a killer bee]
  8612 | D:8      | Reached skill level 13 in Bows
  8677 | D:8      | Noticed bodvar's ghost (novice SpAs)
  8845 | D:8      | Noticed a two-headed ogre
  8866 | D:8      | Killed a two-headed ogre
  8866 | D:8      | Reached **** piety under Okawaru
  8866 | D:8      | Received a gift from Okawaru
  8908 | D:8      | Reached XP level 10. HP: 88/88 MP: 10/10
  9281 | D:8      | Killed bodvar's ghost
  9281 | D:8      | Received a gift from Okawaru
  9281 | D:8      | Reached skill level 14 in Bows
  9507 | D:8      | Found a radiant altar of Vehumet.
  9513 | D:8      | Found a glowing golden altar of the Shining One.
  9513 | D:8      | Found a glowing silver altar of Zin.
  9514 | D:8      | Found a hazy altar of Hepliaklqana.
  9515 | D:8      | Found a stormy altar of Qazlal.
  9517 | D:8      | Found a shattered altar of Ashenzari.
  9902 | D:9      | Reached skill level 1 in Invocations
  9920 | D:9      | Noticed a two-headed ogre
  9973 | D:9      | Killed a two-headed ogre
  9973 | D:9      | Received a gift from Okawaru
 10299 | D:9      | Noticed a death yak
 10301 | D:9      | Noticed a death yak
 10312 | D:9      | Noticed a death yak
 10419 | D:8      | Killed a death yak
 10419 | D:8      | Received a gift from Okawaru
 10419 | D:8      | Reached skill level 15 in Bows
 10648 | D:8      | Killed a death yak
 10648 | D:8      | Reached ***** piety under Okawaru
 10967 | D:8      | Killed a death yak
 10967 | D:8      | Received a gift from Okawaru
 10967 | D:8      | Reached XP level 11. HP: 75/94 MP: 14/14
 11126 | D:9      | Found a transporter.
 11191 | D:9      | Found a staircase to the Lair.
 11203 | D:9      | Found a corrupted altar of Lugonu.
 12615 | D:9      | Reached skill level 16 in Bows
 12741 | D:9      | Found a staircase to the Orcish Mines.
 12914 | D:9      | Noticed a green ugly thing
 12952 | D:9      | Reached skill level 5 in Invocations
 12974 | D:9      | Killed a green ugly thing
 13234 | D:9      | Noticed a purple ugly thing
 13236 | D:9      | Noticed a cyan ugly thing
 13388 | Lair:1   | Entered Level 1 of the Lair of Beasts
 13994 | Lair:1   | Received a gift from Okawaru
 14616 | Lair:1   | Noticed Fannar
 14679 | Lair:1   | Reached skill level 17 in Bows
 15046 | Lair:1   | Killed Fannar
 15046 | Lair:1   | Received a gift from Okawaru
 15871 | Lair:1   | Noticed Gastronok
 15942 | Lair:1   | Killed Gastronok
 15942 | Lair:1   | Received a gift from Okawaru
 15942 | Lair:1   | Received a gift from Okawaru
 15942 | Lair:1   | Reached XP level 12. HP: 101/101 MP: 15/17
 16104 | Lair:1   | Noticed Nergalle
 16414 | D:10     | Entered Level 10 of the Dungeon
 16655 | D:10     | Found a bloodstained altar of Trog.
 17440 | D:10     | Reached skill level 18 in Bows
 17529 | D:10     | Noticed a two-headed ogre
 17552 | D:10     | Killed a two-headed ogre
 17552 | D:10     | Reached skill level 10 in Unarmed Combat
 20155 | Lair:1   | Killed Nergalle
 20155 | Lair:1   | Received a gift from Okawaru
 20715 | Lair:2   | Reached skill level 19 in Bows
 21274 | Lair:2   | Noticed a seven-headed hydra
 21348 | Lair:2   | Killed a seven-headed hydra
 22292 | Lair:3   | Reached XP level 13. HP: 100/107 MP: 19/19
 25047 | Lair:3   | Reached skill level 10 in Invocations
 25605 | Lair:3   | Received a gift from Okawaru
 25820 | Lair:3   | Reached skill level 1 in Armour
 26004 | Lair:3   | Noticed Sonja
 26017 | Lair:3   | Killed Sonja
 26093 | Lair:3   | Reached skill level 20 in Bows
 26955 | Lair:4   | Noticed Harold
 26967 | Lair:3   | Killed Harold
 27012 | Lair:3   | Received a gift from Okawaru
 28008 | Lair:4   | Noticed Rupert
 28321 | Lair:3   | Paralysed by Rupert for 6 turns
 28389 | Lair:3   | Paralysed by Rupert for 5 turns
 28441 | Lair:3   | Paralysed by Rupert for 3 turns
 28450 | Lair:3   | Paralysed by Rupert for 2 turns
 28459 | Lair:3   | Killed Rupert
 30605 | Lair:3   | Reached XP level 14. HP: 118/118 MP: 21/21
 30882 | Lair:4   | Reached skill level 21 in Bows
 31568 | Lair:4   | Found a hole to the Spider Nest.
 32120 | Lair:4   | Found a staircase to the Swamp.
 32654 | Lair:3   | Reached skill level 5 in Armour
 33506 | Lair:5   | Learned a level 3 spell: Portal Projectile
 33788 | Lair:5   | Found a staircase to the Slime Pits.
 33789 | Lair:5   | Found a viscous altar of Jiyva.
 34067 | Lair:6   | Entered Level 6 of the Lair of Beasts
 34844 | Lair:6   | Reached skill level 10 in Fighting
 36153 | Lair:6   | Received a gift from Okawaru
 36931 | Lair:6   | Received a gift from Okawaru
 37359 | Lair:5   | Reached skill level 22 in Bows
 37500 | Lair:6   | Received a gift from Okawaru
 37593 | Lair:6   | Found a runed door.
 40886 | Lair:6   | Reached XP level 15. HP: 126/129 MP: 22/22
 42913 | Orc:1    | Entered Level 1 of the Orcish Mines
 43088 | Orc:1    | Found Odocwaud's Book Emporium.
 43886 | Orc:2    | Entered Level 2 of the Orcish Mines
 44302 | Orc:2    | Received a gift from Okawaru
 44393 | Orc:2    | Found Liedihou's Weapon Shop.
 44538 | Orc:2    | Found Isitho Icwi's Antique Weapon Boutique.
 44548 | Orc:2    | Reached skill level 23 in Bows
 44559 | Orc:2    | Found Reingyly's Assorted Antiques.
 44642 | Orc:2    | Noticed Maurice
 44649 | Orc:2    | Killed Maurice
 44710 | Orc:2    | Found a staircase to the Elven Halls.
 44968 | Orc:2    | Found Zyub's Weapon Boutique.
 44968 | Orc:2    | Found Suukk's Distillery.
 44969 | Orc:2    | Found Tyeg's Magic Scroll Shop.
 44972 | Orc:2    | Found Ucoloq's Food Shop.
 44986 | Orc:2    | Bought a royal jelly for 28 gold pieces
 44986 | Orc:2    | Bought a royal jelly for 28 gold pieces
 44986 | Orc:2    | Bought a meat ration for 70 gold pieces
 44986 | Orc:2    | Bought a meat ration for 70 gold pieces
 44986 | Orc:2    | Bought a meat ration for 70 gold pieces
 44986 | Orc:2    | Bought a royal jelly for 28 gold pieces
 44986 | Orc:2    | Bought a bread ration for 70 gold pieces
 44986 | Orc:2    | Bought a royal jelly for 28 gold pieces
 44986 | Orc:2    | Bought a royal jelly for 28 gold pieces
 44986 | Orc:2    | Bought a meat ration for 70 gold pieces
 45128 | Orc:2    | Noticed an orc warlord
 45150 | Orc:2    | Killed an orc warlord
 45497 | Orc:1    | Bought a book of Changes for 375 gold pieces
 45503 | Orc:1    | Learned a level 5 spell: Blade Hands
 46072 | D:11     | Identified Sif Muna's Reference Book on Torrid Clay
 46369 | D:9      | Found a transporter.
 46745 | D:11     | Received a gift from Okawaru
 47868 | D:12     | Found an iron altar of Okawaru.
 48527 | D:13     | Reached ****** piety under Okawaru
 48583 | D:13     | Received a gift from Okawaru
 48587 | D:13     | Got a fine cloak {god gift}
 48598 | D:13     | Identified the +2 cloak of Supple Strength {SInv} (Okawaru gifted it to you on level 13 of the Dungeon)
 49270 | D:14     | Noticed Urug
 49284 | D:14     | Killed Urug
 49641 | D:14     | Found a gate to the Vaults.
 50233 | D:14     | Found Ydo Qothuorch's Armour Shop.
 50370 | D:14     | Reached XP level 16. HP: 140/140 MP: 23/23
 50609 | D:15     | Entered Level 15 of the Dungeon
 50624 | D:15     | Reached skill level 24 in Bows
 51174 | D:15     | Found a staircase to the Depths.
 51243 | D:15     | Found a bloodstained altar of Trog.
 51874 | Swamp:1  | Entered Level 1 of the Swamp
 52146 | Swamp:1  | Noticed a thorn hunter
 52159 | Swamp:1  | Killed a thorn hunter
 53147 | Swamp:1  | Received a gift from Okawaru
 53510 | Swamp:2  | Received a gift from Okawaru
 54556 | Swamp:3  | Learned a level 2 spell: Swiftness
 54718 | Swamp:3  | Reached skill level 25 in Bows
 54732 | Swamp:3  | Received a gift from Okawaru
 55208 | Swamp:4  | Entered Level 4 of the Swamp
 55632 | Swamp:4  | Reached XP level 17. HP: 150/150 MP: 24/24
 55736 | Swamp:4  | Got a decaying rune of Zot
 56462 | Swamp:1  | Received a gift from Okawaru
 56699 | Spider:1 | Entered Level 1 of the Spider Nest
 57018 | Spider:1 | Noticed Agnes
 57032 | Spider:1 | Killed Agnes
 57803 | Spider:1 | Received a gift from Okawaru
 58779 | Spider:2 | Reached skill level 26 in Bows
 59439 | Spider:3 | Reached skill level 10 in Armour
 60203 | Spider:4 | Entered Level 4 of the Spider Nest
 60729 | Spider:4 | Identified 4 scrolls of acquirement
 60744 | Spider:4 | Got a fine golden ring
 60746 | Spider:4 | Identified the ring "Fafuf" {rF+ rC- MR+ Str+2} (You acquired it on level 4 of the Spider Nest)
 60751 | Spider:4 | Got a pitted copper amulet
 60753 | Spider:4 | Identified the amulet "Kymefilo" {Harm *Drain rElec Int+5} (You acquired it on level 4 of the Spider Nest)
 61009 | Spider:4 | Received a gift from Okawaru
 61295 | Spider:4 | Received a gift from Okawaru
 61647 | Spider:4 | Reached XP level 18. HP: 161/161 MP: 25/25
 61663 | Spider:4 | Received a gift from Okawaru
 62958 | Spider:4 | Reached skill level 15 in Fighting
 62962 | Spider:4 | Received a gift from Okawaru
 62962 | Spider:4 | Reached skill level 27 in Bows
 63285 | Spider:4 | Got a gossamer rune of Zot
 63679 | Elf:1    | Entered Level 1 of the Elven Halls
 63855 | Elf:1    | Received a gift from Okawaru
 65204 | Elf:1    | Received a gift from Okawaru
 65233 | Elf:1    | Identified Pinwus's Papyrus of Attacks and the Entourage
 65499 | Elf:1    | Received a gift from Okawaru
 66198 | Elf:2    | Paralysed by an orc sorcerer for 5 turns
 66482 | Elf:2    | Found a deep blue altar of Sif Muna.
 67023 | Elf:2    | Received a gift from Okawaru
 67064 | Elf:2    | Found a huge runed gate.
 67066 | Elf:2    | Found a huge runed gate.
 67069 | Elf:2    | Found a huge runed gate.
 67315 | Vaults:1 | Entered Level 1 of the Vaults
 67356 | Vaults:1 | Received a gift from Okawaru
 67667 | Vaults:1 | Reached XP level 19. HP: 162/174 MP: 26/26
 68240 | Vaults:1 | Received a gift from Okawaru
 68578 | Vaults:1 | Received a gift from Okawaru
 68647 | Vaults:1 | Got a faintly glowing centaur barding {god gift}
 68670 | Vaults:1 | Identified the +2 centaur barding "Gainiow" {Dex+5} (Okawaru gifted it to you on level 1 of the Vaults)
 69377 | Vaults:1 | Noticed a lich
 69388 | Vaults:1 | Killed a lich
 69660 | Vaults:1 | Paralysed by a floating eye for 3 turns
 69801 | Vaults:1 | Got a steaming shortbow
 69802 | Vaults:1 | Identified the +3 shortbow "Visenk" {velocity, +Fly Str-5 SInv} (You took it off an orc warrior on level 1 of the Vaults)
 69872 | Vaults:1 | Identified the Incunabulum of the Unemployed Unperson
 69915 | Vaults:1 | Received a gift from Okawaru
 70247 | Vaults:1 | Paralysed by an ogre mage for 7 turns
 70679 | Vaults:2 | Received a gift from Okawaru
 71516 | Vaults:1 | Reached XP level 20. HP: 168/187 MP: 27/27
 72413 | Vaults:2 | Reached skill level 15 in Unarmed Combat
 72606 | Vaults:2 | Found a staircase to the Crypt.
 72850 | Vaults:2 | Found Iruiklai's Book Shop.
 73526 | Vaults:2 | Found an opulent altar of Gozag.
 73540 | Vaults:2 | Received a gift from Okawaru
 74017 | Vaults:3 | Received a gift from Okawaru
 77459 | Vaults:4 | Received a gift from Okawaru
 77459 | Vaults:4 | Reached XP level 21. HP: 194/194 MP: 28/28
 77766 | Vaults:4 | Found Jecsoti's Assorted Antiques.
 77790 | Vaults:4 | Bought a slimy plate armour for 952 gold pieces
 77800 | Vaults:4 | Identified the +6 plate armour "Cotoafic" {rElec rF- Int+2} (You bought it in a shop on level 4 of the Vaults)
 77896 | Vaults:4 | Received a gift from Okawaru
 77914 | Vaults:4 | Got an ancient crystal plate armour {god gift}
 77925 | Vaults:4 | Identified the +8 crystal plate armour of Restlessness {rC+} (Okawaru gifted it to you on level 4 of the Vaults)
 78107 | Vaults:5 | Entered Level 5 of the Vaults
 78305 | Vaults:5 | Noticed a golden dragon
 78306 | Vaults:5 | Noticed an ancient lich
 78493 | Vaults:5 | Noticed Jory
 78630 | Vaults:4 | Gained mutation: You are weak. (Str -2) [a shining eye]
 78671 | Vaults:4 | Killed a golden dragon
 78783 | Vaults:4 | HP: 5/195 [ancient lich/bolt of acid (46)]
 78783 | Vaults:4 | Splashed by an ancient lich's acid

Skill      XL: |  1  2  3  4  5  6  7  8  9 10 11 12 13 14 15 16 17 18 19 20 21 |
---------------+----------------------------------------------------------------+-----
Bows           | 6 7 8 10 11 13 15 17 19 20 22 23 25 26 27 | 27.0
Unarmed Combat | 1 2 4 5 6 8 9 10 11 12 14 18 19 | 19.4
Fighting       | 3 4 5 6 7 8 9 11 12 13 14 16 17 18 | 18.5
Invocations    | 4 7 9 10 | 10.0
Armour         | 4 6 8 9 10 11 12 | 12.7
Dodging        | |  1.3
Stealth        | |  0.4

Action                   |  1- 3 |  4- 6 |  7- 9 | 10-12 | 13-15 | 16-18 | 19-21 || total
-------------------------+-------+-------+-------+-------+-------+-------+-------++-------
Melee: Unarmed           |   101 |   166 |   200 |   377 |  1746 |   298 |   846 ||  3734
       Kick              |    23 |    30 |    50 |    95 |   519 |    79 |   319 ||  1115
       Punch             |       |     1 |     4 |    18 |    69 |    14 |    50 ||   156
       Shortbow          |       |     1 |       |       |     2 |       |       ||     3
       Longbow           |       |       |       |       |       |     5 |       ||     5
 Fire: Shortbow          |    34 |    83 |   299 |  1328 |   745 |       |       ||  2489
       Longbow           |       |       |       |       |   536 |  1897 |  1050 ||  3483
Invok: Heroism           |       |     1 |     4 |    15 |    23 |    10 |    11 ||    64
       Finesse           |       |       |       |     2 |     9 |     1 |     9 ||    21
  Use: Scroll            |     5 |     1 |       |    10 |    13 |    16 |     6 ||    51
       Potion            |       |     2 |       |       |     1 |     3 |     1 ||     7
  Eat: Chunk             |     1 |     6 |     9 |    31 |    79 |    36 |    30 ||   192
       Meat ration       |       |       |     1 |       |       |       |       ||     1
       Fruit             |       |       |       |     3 |     2 |     7 |     1 ||    13
Armor: Leather armour    |    37 |    79 |   207 |    21 |       |       |       ||   344
       Scale mail        |       |       |       |   277 |   211 |       |       ||   488
       Chain mail        |       |       |       |       |  1629 |  1104 |   854 ||  3587
       Crystal plate arm |       |       |       |       |       |       |   148 ||   148
Dodge: Dodged            |    44 |   105 |   145 |   178 |   394 |   184 |   193 ||  1243
